 Dungeon Crawl Stone Soup version 0.21.0-30-g47ce8e4 (webtiles) character file.

637 JeffiDaFish the Gusty (level 7, 0/55 HPs)
             Began as a Grey Draconian Air Elementalist on Jan 28, 2018.
             Was a Follower of Vehumet.
             Slain by a centaur (3 damage)
             ... on level 5 of the Dungeon on Jan 29, 2018.
             The game lasted 00:16:50 (4888 turns).

JeffiDaFish the Gusty (DrAE)                        Turns: 4888, Time: 00:16:50

Health: 0/55       AC: 14    Str: 10      XL:     7   Next: 25%
Magic:  12/12      EV: 13    Int: 16      God:    Vehumet [*.....]
Gold:   287        SH:  0    Dex: 12 (13) Spells: 2/12 levels left

rFire    + . .     SeeInvis .   o - +5 quarterstaff (chaos)
rCold    . . .     Gourm    .   (shield currently unavailable)
rNeg     . . .     Faith    .   (armour unavailable)
rPois    .         Spirit   .   g - +2 hat
rElec    .         Reflect  .   c - +0 cloak
rCorr    .         Harm     .   (no gloves)
MR       +....                  (no boots)
Stlth    ++........             (no amulet)
HPRegen  0.18/turn              k - ring of protection from fire
MPRegen  0.13/turn              m - ring of protection from magic

@: no status effects
A: walk through water, unfitting armour, hooves 1, wild magic 1, unbreathing,
cold-blooded, AC +11
a: Renounce Religion


You were on level 5 of the Dungeon.
You worshipped Vehumet.
Vehumet was aware of your devotion.
You were not hungry.

You visited 1 branch of the dungeon, and saw 5 of its levels.

You collected 287 gold pieces.

Inventory:

Hand Weapons
 e - a +0 dagger
 o - a +5 quarterstaff of chaos (weapon)
Armour
 c - a +0 cloak (worn)
 g - a +2 hat (worn)
Jewellery
 k - a ring of protection from fire (left hand)
 m - a ring of protection from magic (right hand)
Wands
 j - a wand of enslavement (18)
 r - a wand of scattershot (5)
Scrolls
 h - 2 scrolls of teleportation
 i - 2 scrolls of enchant armour
 p - 2 scrolls of fear
 q - a scroll of remove curse
 t - 3 scrolls of identify
Potions
 d - 2 potions of flight
 f - 2 potions of might
 l - a potion of cancellation
 u - a potion of berserk rage
Books
 a - a book of Air

   Spells                             Type                      Level
   a - Shock                          Conjuration/Air              1
   b - Swiftness                      Charms/Air                   2
   c - Static Discharge               Conjuration/Air              3
   d - Airstrike                      Air                          4
   e - Lightning Bolt                 Conjuration/Air              5
 s - a book of Changes

   Spells                             Type                      Level
   a - Beastly Appendage              Transmutation                1
   b - Sticks to Snakes               Transmutation                2
   c - Spider Form                    Transmutation/Poison         3
   d - Ice Form                       Ice/Transmutation            4
   e - Blade Hands                    Transmutation                5
Comestibles
 b - 8 rations
 n - a chunk of flesh


   Skills:
 + Level 2.0 Fighting
 + Level 2.1 Short Blades
 + Level 3.1 Dodging
 + Level 2.9 Stealth
 - Level 0.3 Unarmed Combat
 + Level 3.4 Spellcasting
 + Level 3.3 Conjurations
 + Level 1.5 Charms
 + Level 3.5 Air Magic


You had 2 spell levels left.
You knew the following spells:

 Your Spells              Type           Power        Failure   Level  Hunger
a - Shock                 Conj/Air       ###.         7%          1    None
b - Swiftness             Chrm/Air       ##......     14%         2    ##.....
c - Static Discharge      Conj/Air       ###.....     19%         3    ###....
d - Airstrike             Air            ###.......   47%         4    ####...


Dungeon Overview and Level Annotations

Branches:
Dungeon (5/15)
 Temple: D:4-7

Altars:
Ashenzari
Sif Muna
Vehumet
Wu Jian

Annotations:
D:3 llamajesus's ghost, amateur DrSk


Innate Abilities, Weirdness & Mutations

You can walk through water.
Your dull iron-grey scales are very hard. (AC +11)
You cannot fit into any form of body armour.
You can survive without breathing.
You are cold-blooded and may be slowed by cold attacks.
You have large cloven feet.
Your spells are a little harder to cast, but a little more powerful.


Message History

The jackal moves out of view.
The centaur closely misses you. The centaur closely misses you. x2
The centaur hits you but does no damage.
The centaur hits you but does no damage.
The centaur misses you.
The jackal barks!
You hear a bark!
The centaur barely misses you.
The centaur hits you but does no damage.
The jackal bites you but does no damage.
The centaur hits you but does no damage.
A jackal comes into view.
The jackal misses you.
The centaur hits you but does no damage.
The centaur barely misses you. The jackal closely misses you.
The centaur barely misses you.
The jackal bites you but does no damage.
The centaur closely misses you.
The jackal bites you but does no damage.
The centaur hits you.
You die...

.... .... ... ....
#..# ... .....
#..###.. #...#
####...... #...#
.....?... #...#
#......c# # #...#
#.##..#@##.#
#...######.##(..h†..#
#...##...........h.##
#....#..##.#..##)#.#
##......##.#..##.#.#
##..^...........(#.#
........#..#..#### .
.#............# #
###(..###..####


You could see a centaur and 2 jackals.

Vanquished Creatures
  An ogre (D:5)
  2 orc priests (D:4)
  A jelly (D:5)
  2 orc wizards (D:3)
  Crazy Yiuf (D:2)
  A hound (D:4)
  An iguana (D:4)
  2 worker ants (D:4)
  Robin (D:2)
  7 gnolls
  9 adders
  A dart slug (D:1)
  5 leopard geckos
  6 orcs (D:4)
  A ball python (D:5)
  8 bats
  3 giant cockroaches
  12 goblins
  12 hobgoblins
  10 jackals
  8 kobolds
  A quokka (D:2)
  A ball python skeleton (D:4)
  13 frilled lizards
  2 rats (D:1)
111 creatures vanquished.

Notes
Turn   | Place    | Note
-------+----------+-------------------------------------------
     0 | D:1      | JeffiDaFish the Draconian Air Elementalist began the quest for the Orb.
     0 | D:1      | Reached XP level 1. HP: 14/14 MP: 3/3
    87 | D:1      | Reached XP level 2. HP: 2/20 MP: 0/5
   538 | D:1      | Learned a level 2 spell: Swiftness
   649 | D:1      | Reached XP level 3. HP: 19/26 MP: 0/6
  1087 | D:2      | Learned a level 3 spell: Static Discharge
  1210 | D:2      | Found an ornate altar of the Wu Jian Council.
  1322 | D:2      | Found a radiant altar of Vehumet.
  1324 | D:2      | Found a shattered altar of Ashenzari.
  1327 | D:2      | Reached XP level 4. HP: 33/33 MP: 3/7
  1337 | D:2      | Became a worshipper of Vehumet
  1535 | D:2      | Reached skill level 1 in Short Blades
  1537 | D:2      | Upgraded the game from 0.21.0-26-g889b8f6 to 0.21.0-30-g47ce8e4
  2027 | D:2      | Found a runed door.
  2031 | D:2      | Noticed Crazy Yiuf
  2043 | D:2      | Killed Crazy Yiuf
  2043 | D:2      | Reached XP level 5. HP: 6/38 MP: 0/9
  2370 | D:2      | Noticed Robin
  2433 | D:2      | Killed Robin
  2447 | D:2      | Reached * piety under Vehumet
  2447 | D:2      | Offered knowledge of Sandblast by Vehumet.
  2811 | D:3      | Noticed llamajesus's ghost (amateur DrSk)
  3336 | D:3      | Learned a level 4 spell: Airstrike
  3355 | D:3      | Found a deep blue altar of Sif Muna.
  3611 | D:4      | Reached skill level 1 in Fighting
  3611 | D:4      | Reached XP level 6. HP: 47/47 MP: 8/10
  3965 | D:4      | Reached skill level 1 in Charms
  4448 | D:4      | Gained mutation: You have large cloven feet. [potion of mutation]
  4448 | D:4      | Gained mutation: Your spells are a little harder to cast, but a little more powerful. [potion of mutation]
  4607 | D:5      | Entered Level 5 of the Dungeon
  4616 | D:5      | Your scales start taking on a dull iron-grey colour.
  4616 | D:5      | Reached XP level 7. HP: 53/53 MP: 8/12
  4616 | D:5      | Gained mutation: You can survive without breathing. [Grey Draconian growth]
  4878 | D:5      | HP: 2/55 [centaur (4)]
  4888 | D:5      | Slain by a centaur

Skill      XL: |  1  2  3  4  5  6  7 |
---------------+----------------------+-----
Dodging        | 2 3 |  3.1
Conjurations   | 2 3 |  3.3
Stealth        | 2 |  2.9
Short Blades   | 1 2 |  2.1
Spellcasting   | 3 |  3.4
Fighting       | 1 2 |  2.0
Air Magic      | 4 3 |  3.5
Charms         | 1 |  1.5
Unarmed Combat | |  0.3

Action                   |  1- 3 |  4- 6 |  7- 9 || total
-------------------------+-------+-------+-------++-------
Melee: Unarmed           |    42 |       |       ||    42
       Tailslap          |    15 |    17 |     2 ||    34
       Dagger            |    80 |    18 |       ||    98
       Spear             |       |   106 |       ||   106
       Quarterstaff      |       |    61 |    18 ||    79
       Kick              |       |       |     1 ||     1
 Cast: Shock             |    50 |    76 |     1 ||   127
       Swiftness         |     1 |     8 |       ||     9
       Static Discharge  |     1 |    12 |       ||    13
  Use: Potion            |     2 |     8 |     1 ||    11
       Scroll            |     2 |     9 |       ||    11
 Stab: Distracted        |     1 |       |       ||     1
       Sleeping          |     1 |     2 |     1 ||     4
  Eat: Chunk             |     3 |    13 |     1 ||    17
Armor: Skin              |    48 |    67 |    24 ||   139
Dodge: Dodged            |   106 |   147 |    49 ||   302
